 Dungeon Crawl Stone Soup version 0.26-a0-658-gbdda728c12 (webtiles) character file.

Game seed: 16309493309864938994

528 marklar909 the Bolt Thrower (level 7, -2/41 HPs)
             Began as a Kobold Hunter on Oct 5, 2020.
             Was a Believer of Fedhas.
             Slain by an iguana (12 damage)
             ... on level 4 of the Dungeon.
             The game lasted 00:05:17 (4623 turns).

marklar909 the Bolt Thrower (Kobold Hunter)         Turns: 4623, Time: 00:05:19

Health: -2/41      AC:  4    Str: 10    XL:     7   Next: 48%
Magic:  7/7        EV: 16    Int: 12    God:    Fedhas [**....]
Gold:   146        SH:  0    Dex: 17    Spells: 6/6 levels left

rFire    . . .     SeeInvis .   b - +0 short sword
rCold    . . .     Faith    +   (shield restricted)
rNeg     . . .     Spirit   .   c - +0 leather armour
rPois    .         Reflect  .   (no helmet)
rElec    .         Harm     .   l - +0 cloak {rCorr}
rCorr    +         Rampage  .   (no gloves)
MR       .....                  (no boots)
Stlth    +++.......             k - amulet of faith
HPRegen  0.13/turn              (no ring)
MPRegen  0.10/turn              (no ring)

@: no status effects
A: small, nightstalker 3
a: Wall of Briars, Renounce Religion


You were on level 4 of the Dungeon.
You worshipped Fedhas.
Fedhas was pleased with you.
You visited 1 branch of the dungeon, and saw 5 of its levels.

You collected 146 gold pieces.

Inventory:

Hand Weapons
 a - a +1 hand crossbow
 b - a +0 short sword (weapon)
Armour
 c - a +0 leather armour (worn)
 l - a +0 cloak of preservation (worn)
Jewellery
 k - an amulet of faith (around neck)
Wands
 u - a wand of polymorph (9)
Scrolls
 f - a scroll of random uselessness {unknown}
 h - 3 scrolls of identify
 i - 3 scrolls of remove curse {unknown}
 m - a scroll of magic mapping {unknown}
 q - a scroll of fear {unknown}
 r - a scroll of blinking {unknown}
 v - a scroll of enchant armour {unknown}
Potions
 e - 3 potions of resistance
 g - 4 potions of curing
 j - a potion of haste {unknown}
 n - a potion of cancellation {unknown}
 o - a potion of might {unknown}
 p - a potion of flight {unknown}
 s - 3 potions of brilliance {unknown}
 t - a potion of degeneration {unknown}
 w - a potion of stabbing {unknown}


   Skills:
 + Level 3.4 Fighting
 + Level 3.5 Short Blades
 + Level 7.3 Crossbows
 + Level 2.0 Armour
 + Level 3.8 Dodging
 + Level 3.2 Stealth
 + Level 0.2 Invocations


You had 6 spell levels left.
You didn't know any spells.
Your spell library was empty.

Dungeon Overview and Level Annotations

Branches:
Dungeon (5/15)
 Temple: D:4-7

Altars:
Fedhas
Qazlal
Uskayaw
Xom

Annotations:
D:4 2 transporters


Innate Abilities, Weirdness & Mutations

You are small and have problems with some larger weapons.
You are completely attuned to the shadows.


Message History

The worker ant poisons you! The worker ant barely misses you.
You feel sick.
You feel sick.
As you read the scroll labeled NAEPAO NORUU, it crumbles to dust.
It is a scroll of identify.
e - 3 potions of resistance The worker ant bites you.
* * * LOW HITPOINT WARNING * * *
You feel better.
The worker ant bites you but does no damage.
The iguana bites you but does no damage.
The worker ant completely misses you. The iguana bites you.
* * * LOW HITPOINT WARNING * * *
You fail to use your ability.
The worker ant bites you.
* * * LOW HITPOINT WARNING * * *
The shadow imp shouts, "Go and return not, thou plume-plucked fool-headed puttock!"
The iguana bites you!
You die...
Fedhas appreciates your contribution to the ecosystem.

#.......## ##.... ###
##....######..... ##.##
#..###.......... #...#
#..........#.... ##...##
##.....#######...
##.....###..##### #...
#.......##5.# #...
##......##Bl## #...
#.......#.@## #...
##.......#..# ##..
#.......#..## #..
##..#..#..## ##. #..####..#
##. #...##..## ###..
##......########### ##...#
##.................#####...##
#......##................###


You could see an iguana, a worker ant and a shadow imp.

Vanquished Creatures
  An ice beast (D:5)
  A hound (D:4)
  Crazy Yiuf (D:2)
  An orc priest (D:3)
  A centaur skeleton (D:4)
  Natasha (thrice) (D:4)
  A worker ant (D:4)
  A killer bee zombie (D:4)
  7 adders
  4 oozes
  A worm (D:2)
  A dart slug (D:1)
  3 leopard geckos
  7 orcs
  2 giant cockroaches
  8 goblins
  3 hobgoblins
  7 jackals
  5 bats
  5 frilled lizards
  8 kobolds
  5 rats
76 creatures vanquished.

Vanquished Creatures (collateral kills)
  A phantom (D:4)
  A quasit (D:4)
2 creatures vanquished.

Grand Total: 78 creatures vanquished

Notes
Turn   | Place    | Note
-------+----------+-------------------------------------------
     0 | D:1      | marklar909 the Kobold Hunter began the quest for the Orb.
     0 | D:1      | Reached XP level 1. HP: 12/12 MP: 1/1
    17 | D:1      | Reached skill level 5 in Crossbows
    31 | D:1      | You fall into a shaft and drop 1 floor!
    38 | D:2      | Found a blossoming altar of Fedhas.
    93 | D:2      | Became a worshipper of Fedhas Madash
   117 | D:2      | Reached XP level 2. HP: 15/17 MP: 2/2
   232 | D:2      | Reached XP level 3. HP: 21/21 MP: 3/3
   463 | D:2      | Reached skill level 6 in Crossbows
   651 | D:2      | Found a runed translucent door.
   654 | D:2      | Noticed Crazy Yiuf
  1015 | D:2      | Killed Crazy Yiuf
  1015 | D:2      | Reached XP level 4. HP: 20/26 MP: 4/4
  1302 | D:1      | Reached * piety under Fedhas
  1807 | D:3      | Reached XP level 5. HP: 31/31 MP: 5/5
  1889 | D:3      | Found a shimmering altar of Xom.
  2317 | D:3      | Reached skill level 7 in Crossbows
  2332 | D:3      | Reached ** piety under Fedhas
  2838 | D:3      | Found a stormy altar of Qazlal.
  3161 | D:4      | Reached skill level 1 in Short Blades
  3249 | D:4      | Reached XP level 6. HP: 36/36 MP: 6/6
  3352 | D:4      | Reached skill level 1 in Armour
  3569 | D:4      | Noticed a +0 hand axe
  3570 | D:4      | Found a hide-covered altar of Uskayaw.
  3570 | D:4      | Noticed a +0 hand axe
  3574 | D:4      | Noticed a phantom
  3587 | D:4      | Killed a phantom
  3664 | D:4      | Found a transporter.
  3849 | D:4      | Found a transporter.
  3974 | D:4      | Noticed Natasha
  3989 | D:4      | Killed Natasha
  3989 | D:4      | Reached XP level 7. HP: 29/41 MP: 7/7
  4204 | D:4      | Noticed Natasha
  4214 | D:4      | Killed Natasha
  4285 | D:4      | Noticed Natasha
  4297 | D:4      | Killed Natasha
  4438 | D:5      | Entered Level 5 of the Dungeon
  4623 | D:4      | Slain by an iguana

Illustrated notes

Levels and vault maps discovered:
D:1:      ncdulo_wetmaze, layout_rooms
D:2:      layout_basic, lemuel_round_altar, uniq_crazy_yiuf_cottage
D:3:      layout_loops_cross, old_standard_altar,
          nicolae_qazlal_eye_of_the_storm
D:4:      gammafunk_wand_slinger, layout_cave_pods, dancing_weapons_uskayaw,
          uniq_natasha
D:5:      layout_rooms, lemuel_crystal_altar, nicolae_overflow_hidden_temple

Skill      XL: |  1  2  3  4  5  6  7 |
---------------+----------------------+-----
Crossbows      | 5 6 7 |  7.3
Dodging        | 3 |  3.8
Stealth        | 2 3 |  3.2
Short Blades   | 1 3 |  3.5
Fighting       | 3 |  3.4
Armour         | 1 2 |  2.0
Invocations    | |  0.2

Action                   |  1- 3 |  4- 6 |  7- 9 || total
-------------------------+-------+-------+-------++-------
Melee: Short sword       |       |   114 |    18 ||   132
 Fire: Hand crossbow     |    33 |    93 |    24 ||   150
Invok: Wall of Briars    |       |     2 |     1 ||     3
  Use: Scroll            |       |       |     1 ||     1
       Potion            |       |       |     1 ||     1
 Stab: Sleeping          |       |     7 |       ||     7
Armor: Leather armour    |       |    41 |    12 ||    53
Dodge: Dodged            |     5 |   148 |    45 ||   198

Table legend: (Time is in decaauts)
 A = Elapsed time spent in this place.
 B = Non-inter-level travel time spent in this place.
 C = Inter-level travel time spent in this place.
 D = Time resting spent in this place.
 E = Time spent auto-exploring this place.
 F = Levels seen in this place.
 G = Mean time per level.
                   A        B        C        D        E       F      G
               +--------+--------+--------+--------+--------+-----+--------+
         Total |   4656 |   4493 |    163 |    119 |   3747 |   5 |  931.2 |
       Dungeon |   4656 |   4493 |    163 |    119 |   3747 |   5 |  931.2 |
               +--------+--------+--------+--------+--------+-----+--------+

Top non-repeatable levels by time:
     D:3: 1435 daAuts
     D:4: 1423 daAuts
     D:2: 1146 daAuts
     D:1: 598 daAuts
     D:5: 52 daAuts
